 Dungeon Crawl Stone Soup version 0.30-a0-29-g142975f185 (webtiles) character file.

Game seed: 3991740210258090160

32 timneilson the Covered (level 3, 0/23 HPs)
             Began as a Gargoyle Fighter on Aug 27, 2022.
             Killed from afar by Sigmund (3 damage)
             ... with a magic dart
             ... on level 2 of the Dungeon.
             The game lasted 00:01:55 (2055 turns).

timneilson the Covered (Gargoyle Fighter)           Turns: 2055, Time: 00:01:56

Health: 0/23       AC: 10    Str: 21    XL:     3   Next: 25%
Magic:  3/3        EV:  9    Int:  8    God:
Gold:   104        SH:  4    Dex:  9    Spells: 2/2 levels left

rFire   . . .      SeeInvis .    a - +0 long sword
rCold   . . .      Faith    .    c - +0 buckler
rNeg    + . .      Spirit   .    b - +0 scale mail
rPois   ∞          Reflect  .    (no helmet)
rElec   +          Harm     .    (no cloak)
rCorr   .          Rampage  .    (no gloves)
Will    .....                    (no boots)
Stlth   ..........               (no amulet)
HPRegen 0.07/turn                (no ring)
MPRegen 0.08/turn                (no ring)

@: mighty, on berserk cooldown, slowed, very slow
A: sickness immunity, AC +3, negative energy resistance 1, electricity
resistance, torment resistance 1, petrification resistance
a: no special abilities


You were on level 2 of the Dungeon.
You visited 1 branch of the dungeon, and saw 2 of its levels.

You collected 104 gold pieces.

Inventory:

Hand Weapons
 a - a +0 long sword (weapon)
Armour
 b - a +0 scale mail (worn)
 c - a +0 buckler (worn)
Scrolls
 e - 2 scrolls of identify
 j - a scroll of blinking {unknown}
Potions
 g - a potion of degeneration {unknown}
 h - 2 potions of curing {unknown}
 i - a potion of mutation {unknown}
 k - a potion of brilliance {unknown}


   Skills:
 + Level 3.4 Fighting
 * Level 2.2 Long Blades
 * Level 3.7 Armour
 + Level 0.4 Dodging
 * Level 3.7 Shields


You had 2 spell levels left.
You didn't know any spells.
Your spell library contained the following spells:

 Spells                   Type           Power      Damage    Failure   Level
 Sandblast                Erth           0%         2d4       83%         1
 Passwall                 Tmut/Erth      0%         N/A       93%         2
 Scorch                   Fire           0%         2d5       93%         2
 Stone Arrow              Conj/Erth      0%         3d7       99%         3
 Flame Wave               Conj/Fire      0%         2d4       100%        4
 Summon Cactus Giant      Summ           0%         N/A       100%        6


Dungeon Overview and Level Annotations

Branches:
Dungeon (2/15)

Altars:

Annotations:
D:2 Sigmund


Innate Abilities, Weirdness & Mutations

You are immune to sickness and miasma.
Your stone body is resilient. (AC +3)
You are immune to poison.
You resist negative energy. (rN+)
You are resistant to electric shocks. (rElec)
You are resistant to unholy torment.
You are immune to petrification.


Message History

You feel a strong urge to attack something.
You are no longer berserk.
You are exhausted.
You feel yourself slow down.
You bump into the rock wall.
Sigmund casts a spell at you.
You are more confused.
Sigmund hits you but does no damage.
You miss Sigmund. Sigmund hits you with a +0 scythe.
You miss Sigmund. Sigmund barely misses you.
You're too confused to move!
Sigmund hits you with a +0 scythe!
You hit Sigmund.
Sigmund is lightly wounded.
You feel less confused. Sigmund hits you but does no damage.
You slash Sigmund!
Sigmund is heavily wounded.
Sigmund casts a spell.
Sigmund flickers and vanishes!
Deactivating autopickup; reactivate with Ctrl-A.
Something hits you but does no damage.
You barely miss something. Something hits you but does no damage.
You closely miss something. Something hits you.
* * * LOW HITPOINT WARNING * * *
You block something's attack.
You slash something! Something hits you but does no damage.
You completely miss something. Something hits you but does no damage.
You completely miss something.
You hear some strange, mumbled words.
Something tries to affect you, but you resist.
Something hits you.
* * * LOW HITPOINT WARNING * * *
You closely miss something. Something completely misses you.
You closely miss something. Something hits you but does no damage.
You closely miss something.
Something hits you but does no damage. x2
You closely miss something.
You hear some strange, mumbled words.
A magic dart appears from out of thin air!
The magic dart hits you.
You die...

# .# ..#
#####################...#
................@{..'...+
#####################...#
..# .# # # # #


There were no monsters in sight!

Vanquished Creatures
  2 dart slugs (D:2)
  2 endoplasms
  2 giant cockroaches (D:2)
  2 goblins
  7 hobgoblins
  A quokka (D:2)
  2 bats (D:2)
  2 frilled lizards (D:2)
  A kobold (D:1)
  4 rats
25 creatures vanquished.

Notes
Turn   | Place    | Note
-------+----------+-------------------------------------------
     0 | D:1      | timneilson the Gargoyle Fighter began the quest for the
                  | Orb.
     0 | D:1      | Reached XP level 1. HP: 14/14 MP: 1/1
   555 | D:1      | Reached XP level 2. HP: 14/19 MP: 2/2
  1543 | D:2      | Identified the +5 hand axe of Bodily Harmony {spect, Str+6}
  1713 | D:2      | Found a faded altar of an unknown god.
  1726 | D:2      | Identified the +7 dagger "Haquij" {venom, Fly rN+ Dex+2}
  1740 | D:2      | Reached XP level 3. HP: 15/23 MP: 3/3
  2028 | D:2      | Noticed Sigmund
  2055 | D:2      | Killed from afar by Sigmund

Illustrated notes

Levels and vault maps discovered:
D:1:      lightli_arrival_quake, layout_basic
D:2:      layout_basic, shapermc_ecumenical_altar_starsandcircs, uniq_sigmund

Skill      XL: |  1  2 |
---------------+-------+-----
Long Blades    | 2 |  2.2
Fighting       | |  3.4
Armour         | |  3.7
Dodging        | |  0.4
Shields        | |  3.7

Action                   || total
-------------------------++-------
Melee: Long sword        ||   129
  Use: Scroll            ||     2
       Potion            ||     2
Armor: Scale mail        ||    88
Dodge: Dodged            ||    81
Block: Buckler           ||    25

Table legend: (Time is in decaauts)
 A = Elapsed time spent in this place.
 B = Non-inter-level travel time spent in this place.
 C = Inter-level travel time spent in this place.
 D = Time resting spent in this place.
 E = Time spent auto-exploring this place.
 F = Levels seen in this place.
 G = Mean time per level.
                   A        B        C        D        E       F      G
               +--------+--------+--------+--------+--------+-----+--------+
         Total |   2104 |   2059 |     45 |      0 |   1748 |   2 | 1052.0 |
       Dungeon |   2104 |   2059 |     45 |      0 |   1748 |   2 | 1052.0 |
               +--------+--------+--------+--------+--------+-----+--------+

Top non-repeatable levels by time:
     D:1: 1476 daAuts
     D:2: 628 daAuts
